 Dungeon Crawl Stone Soup version 0.28.0-53-g5a82cb258f (webtiles) character file.

Game seed: 13815886811474036218

85852 Sin92 the Severer (level 15, -2/120 HPs)
             Began as a Demonspawn Fighter on June 27, 2022.
             Was the Champion of Okawaru.
             Slain by a manticore (9 damage)
             ... summoned by Kirke
             ... on level 14 of the Dungeon.
             The game lasted 00:59:10 (24376 turns).

Sin92 the Severer (Demonspawn Fighter)             Turns: 24376, Time: 00:59:11

Health: -2/120     AC:  0    Str: 23    XL:     15   Next: 39%
Magic:  0/21       EV: 17    Int: 10    God:    Okawaru [******]
Gold:   497        SH:  4    Dex: 13    Spells: 14/14 levels left

rFire   . . .      SeeInvis .   (weapon currently unavailable)
rCold   . . .      Faith    .   (shield currently unavailable)
rNeg    . . .      Spirit   +   (armour currently unavailable)
rPois   .          Reflect  .   (helmet currently unavailable)
rElec   .          Harm     .   (cloak currently unavailable)
rCorr   .          Rampage  .   (gloves currently unavailable)
Will    +....                   (boots currently unavailable)
Stlth   +++.......              R - amulet of the acrobat
HPRegen 0.30/turn               (ring currently unavailable)
MPRegen 0.34/turn               (ring currently unavailable)

@: pig-form, slowed, invisible
A: fast, no casting, small, (horns 2), augmentation 1, magic shield, magic
regeneration, (sturdy frame 2), condensation shield
a: Renounce Religion, Heroism, Finesse, Duel


You were on level 14 of the Dungeon.
You worshipped Okawaru.
Okawaru was exalted by your worship.
You were a filthy swine.
You visited 4 branches of the dungeon, and saw 23 of its levels.
You also visited: Ossuary.

You collected 1939 gold pieces.
You spent 1442 gold pieces at shops.

Inventory:

Hand Weapons
 a - a +3 war axe of freezing
 d - the +5 glaive "Manlub" {flame, rN++ Will+ Str+3}
   (Okawaru gifted it to you on level 4 of the Lair of Beasts)

   It burns those it strikes, dealing additional fire damage.
   Big, fiery blades are also staple armaments of hydra-hunters.
   Str:       It affects your strength (+3).
   rN:        It greatly protects you from negative energy.
   Will:      It increases your willpower.
 y - a +4 flail
 O - a +2 vampiric war axe
 Q - a +3 broad axe of electrocution (melded)
Armour
 c - a +0 buckler
 k - a scarf of resistance (melded)
 l - a +1 pair of boots
 n - a +1 pair of gloves
 o - a +1 helmet
 E - a +1 tower shield (melded)
 H - the +2 plate armour of Resourcefulness {Dex+2}
   (You found it on level 2 of the Lair of Beasts)

   Dex:       It affects your dexterity (+2).
 J - the +0 pair of boots of Courage (melded) {Contam rElec Regen+ MP+9}
   (Okawaru gifted it to you on level 5 of the Lair of Beasts)

   rElec:     It insulates you from electricity.
   MP:        It affects your magic capacity (+9).
   Contam:    It causes magical contamination when unequipped.
   Regen:     It increases your rate of health regeneration.
 K - a +1 plate armour of fire resistance
 N - the +1 pair of gloves of Ruseuts (melded) {Int+7}
   (You found it on level 5 of the Lair of Beasts)

   Int:       It affects your intelligence (+7).
 T - the +11 plate armour "Lubbaism" (melded) {rC++ Dex-4}
   (You bought it in a shop on level 2 of the Orcish Mines)

   Dex:       It affects your dexterity (-4).
   rC:        It greatly protects you from cold.
Jewellery
 j - a +4 ring of protection
 m - a +6 ring of dexterity
 q - a ring of ice
 B - the ring "Zacyvvoz" (melded) {EV+4 Dex+5}
   (You found it on level 4 of the Lair of Beasts)

   [ring of evasion]

   EV:        It affects your evasion (+4).
   Dex:       It affects your dexterity (+5).
 D - the ring "Qyps" (melded) {rPois rF+ rC- rN+ Slay+3}
   (You found it on level 2 of the Lair of Beasts)

   [ring of protection from fire]

   Slay:      It affects your accuracy & damage with ranged weapons and melee
   (+3).
   rF:        It protects you from fire.
   rC:        It makes you vulnerable to cold.
   rPois:     It protects you from poison.
   rN:        It protects you from negative energy.
 G - a ring of ice
 R - an amulet of the acrobat (around neck)
 S - the ring "Houfed" {rF+ Str+6}
   (You bought it in a shop on level 2 of the Orcish Mines)

   [ring of protection from fire]

   Str:       It affects your strength (+6).
   rF:        It protects you from fire.
 V - a ring of magical power
Wands
 g - a wand of digging (7)
 u - a wand of paralysis (22)
 v - a wand of flame (23)
 F - a wand of iceblast (7)
 M - a wand of mindburst (16)
Scrolls
 b - 2 scrolls of magic mapping
 e - 7 scrolls of teleportation
 f - 9 scrolls of identify
 t - 3 scrolls of blinking
 x - 2 scrolls of amnesia
 L - a scroll of holy word
 U - a scroll of fog
 W - a scroll of acquirement {unknown}
Potions
 h - 8 potions of flight
 i - 2 potions of magic
 p - a potion of cancellation
 r - 3 potions of brilliance
 s - 7 potions of mutation
 w - a potion of invisibility
 z - 9 potions of curing
 A - 2 potions of heal wounds
 C - 3 potions of lignification
 I - a potion of haste
 P - a potion of might


   Skills:
 + Level 12.1 Fighting
 * Level 15.0 Axes
 + Level 11.1 Armour
 - Level 6.9 Dodging
 - Level 4.4 Stealth
 + Level 11.1 Shields
 - Level 9.0 Invocations


You had 14 spell levels left.
You didn't know any spells.
Your spell library contained the following spells:

 Spells                   Type           Power      Damage    Failure   Level
 Apportation              Tloc           0%         N/A       36%         1
 Freeze                   Ice            0%         1d3       36%         1
 Magic Dart               Conj           0%         1d3       36%         1
 Pain                     Necr           0%         1d4       36%         1
 Shock                    Conj/Air       0%         1d3       36%         1
 Blink                    Tloc           0%         N/A       50%         2
 Searing Ray              Conj           0%         2d4       50%         2
 Sublimation of Blood     Necr           0%         N/A       50%         2
 Wereblood                Tmut           0%         N/A       50%         2
 Frozen Ramparts          Ice            0%         1d2       75%         3
 Portal Projectile        Hex/Tloc       0%         N/A       75%         3
 Stone Arrow              Conj/Erth      0%         3d7       75%         3
 Swiftness                Air            0%         N/A       75%         3
 Vampiric Draining        Necr           0%         2d6       75%         3
 Airstrike                Air            0%         N/A       98%         4
 Anguish                  Hex/Necr       0%         N/A       98%         4
 Fulminant Prism          Conj/Hex       0%         3d6       98%         4
 Hailstorm                Conj/Ice       0%         3d3       98%         4
 Iskenderun's Mystic Bla  Conj/Tloc      0%         2d3       98%         4
 Leda's Liquefaction      Hex/Erth       0%         N/A       98%         4
 Blade Hands              Tmut           0%         N/A       100%        5
 Excruciating Wounds      Necr           0%         N/A       100%        5
 Freezing Cloud           Conj/Ice/Air   0%         6-21      100%        5
 Lee's Rapid Deconstruct  Erth           0%         3d5*      100%        5
 Manifold Assault         Tloc           0%         N/A       100%        5
 Enfeeble                 Hex            0%         N/A       100%        7
 Storm Form               Tmut/Air       0%         N/A       100%        7
 Lehudib's Crystal Spear  Conj/Erth      0%         10d2      100%        8
 Polar Vortex             Ice            0%         N/A       100%        9
 Animate Skeleton         Necr           Unusable   N/A       N/A         1
 Summon Small Mammal      Summ           Unusable   N/A       N/A         1
 Call Canine Familiar     Summ           Unusable   N/A       N/A         3
 Tukima's Dance           Hex            Unusable   N/A       N/A         3
 Animate Armour           Summ/Erth      Unusable   N/A       N/A         4
 Summon Hydra             Summ           Unusable   N/A       N/A         7

Dungeon Overview and Level Annotations

Branches:
Dungeon (14/15)            Temple (1/1) D:7            Lair (6/6) D:9
 Shoals (0/4) Lair:2        Snake (0/4) Lair:3        Slime (0/5) Lair:6
    Orc (2/2) D:12            Elf (0/3) Orc:2        Vaults (0/5) D:13
Ossuary (visited)

Altars:
Ashenzari
Dithmenos
Fedhas
Hepliaklqana
Makhleb
Nemelex Xobeh
Okawaru
Ru
Uskayaw
Vehumet
Wu Jian
Xom
Yredelemnul
Zin
Beogh

Shops:
D:4 (   D:8 =   Orc:2 [=*:

Annotations:
D:14 Kirke
Lair:6 exclusion: 3 oklob plants


Innate Abilities, Weirdness & Mutations

You are a filthy swine.
You move quickly.
Your equipment is almost entirely melded.
You are incapable of wielding weapons or throwing items.
You cannot cast spells.
((You have a pair of horns on your head.))
Your magical and physical power is slightly enhanced at high health.
When hurt, damage is shared between your health and your magic reserves.
You regenerate magic rapidly.
((Your movements are less encumbered by armour. (ER -4)))
A meltable shield of frost defends you. (SH +4)


Message History

Unknown command.
You miss something. Something hits you!
Unknown command.
You barely miss something. You hit something.
You fade into invisibility!
Something barely misses you.
You hit something. Something hits you!
You bite something! You miss something.
You hear some strange, mumbled words.
You feel a momentary urge to oink.
You hit something. Something hits you.
You bite something! You hit something but do no damage.
You hear some strange, mumbled words.
You feel yourself slow down.
You bite something! Something hits you.
You miss something. Something hits you.
You barely miss something. Something hits you!
You bite something!
You hear some strange, mumbled words.
You feel as though you will be slow longer.
You miss something.
You hear some strange, mumbled words.
Something tries to affect you, but you resist.
Something hits you!
You hit something but do no damage.
You hear some strange, mumbled words.
Something summons a manticore!
You barely miss something. Something hits you. The manticore bites you!!
* * * LOW HITPOINT WARNING * * *
The manticore misses you. The manticore claws you!
* * * LOW HITPOINT WARNING * * *
You bite something! Something hits you!
* * * LOW HITPOINT WARNING * * *
The manticore bites you.
* * * LOW HITPOINT WARNING * * *
The manticore claws you!
You die...

#####'''########.
########...########.
##.....#...###.####.
##.§.§.#.⌠.##..§###.
##.☼☼§.#...#.....##.
##.§§§.#...##§○§###.
##.☼☼..#...###.#####
########...#########
#⌠Hh{hhhR_.......⌠#.
########...########.
####.###...##...###.
###°..##...#..☼§.##.
##.§°..#...#..○..##.
###..§##.⌠.#.§.§.##.
####.###...##...###.
########...########.
#######''°########.


You could see a manticore (summoned), an efreet and 3 hogs.

Vanquished Creatures
  Nessos (Lair:4)
  The ghost of Brotato the Eclecticist, a journeyman DjCj of Gozag (Lair:3)
  An ettin (Orc:2)
  2 boulder beetles
  Fannar (Lair:2)
  8 vault guards (D:13)
  10 hydras
  2 catoblepae
  13 death yaks
  A centaur warrior (D:13)
  A deep troll shaman (Lair:6)
  A tengu warrior (D:13)
  2 two-headed ogres
  4 orc high priests
  Nergalle (D:12)
  4 skeletal warriors (D:14)
  A swamp dragon (shapeshifter) (D:9)
  8 orc knights
  An ugly thing (D:11)
  A deep elf pyromancer (D:11)
  Pikel (D:6)
  2 lindwurms
  4 orc sorcerers (Orc:2)
  3 cyclopes (D:12)
  An oklob plant (Lair:2)
  2 centaur zombies
  Joseph (Lair:1)
  4 black mambas
  12 cane toads
  17 elephants
  2 gargoyles
  3 rime drakes
  13 komodo dragons
  A kobold demonologist (D:9)
  2 polar bears (Lair:6)
  A wolf spider simulacrum (D:13)
  Grinder (D:4)
  7 trolls
  A hornet (D:9)
  13 blink frogs
  8 slime creatures (D:13)
  A snapping turtle (Lair:2)
  2 shadows
  A wraith (Ossuary)
  A yak (shapeshifter) (D:13)
  47 yaks
  3 wyverns
  4 hogs (D:14)
  2 basilisks
  3 steam dragons
  2 vampire mosquitoes (D:12)
  2 wargs (Orc:1)
  3 acid dragons
  3 nagas (Lair:3)
  11 water moccasins
  3 sky beasts
  2 ice beasts
  An ogre (shapeshifter) (D:13)
  33 orc warriors
  2 necrophages
  10 ogres
  3 black bears (Lair:2)
  7 boggarts (D:12)
  14 wolves
  2 phantoms (D:6)
  5 centaurs
  Blork the orc (D:5)
  A gnoll sergeant (D:10)
  2 kobold brigands
  A wyvern zombie (D:8)
  13 bullfrogs
  A scorpion (D:4)
  13 killer bees
  9 wights
  6 howler monkeys
  4 crimson imps (D:6)
  A bullfrog zombie (D:6)
  2 hounds
  A jelly (D:5)
  18 orc priests
  4 gnoll shamans (D:9)
  A human zombie (D:7)
  5 iguanas
  Terence (D:3)
  A hell rat (D:9)
  A scorpion zombie (D:5)
  18 orc wizards
  A hound skeleton (D:5)
  A mummy (Ossuary)
  6 adders
  16 gnolls
  A howler monkey skeleton (D:3)
  2 white imps
  An ufetubus (D:7)
  2 worms
  A dart slug (D:1)
  63 orcs
  10 ball pythons
  5 bats
  6 endoplasms
  A giant cockroach (D:1)
  11 goblins
  2 hobgoblins
  4 jackals (D:1)
  15 kobolds
  4 quokkas
  A frilled lizard (D:2)
  4 gnoll skeletons (Ossuary)
  8 kobold skeletons (Ossuary)
  13 orc skeletons (Ossuary)
  6 rats
  A rat zombie (D:7)
619 creatures vanquished.

Vanquished Creatures (others)
  A deep elf pyromancer (D:13)
  2 boggarts (D:12)
  An orc (Orc:1)
  41 fungi
  82 plants
127 creatures vanquished.

Grand Total: 746 creatures vanquished

Notes
Turn   | Place    | Note
-------+----------+-------------------------------------------
     0 | D:1      | Sin92 the Demonspawn Fighter began the quest for the Orb.
     0 | D:1      | Reached XP level 1. HP: 18/18 MP: 1/1
    51 | D:1      | Reached skill level 2 in Axes
   185 | D:1      | Gained mutation: You regenerate magic rapidly. [demonic
                  | ancestry]
   185 | D:1      | Reached XP level 2. HP: 24/24 MP: 2/2
   773 | D:1      | Reached XP level 3. HP: 29/29 MP: 3/3
   776 | D:1      | Found a faded altar of an unknown god.
  1376 | D:2      | Found a sacrificial altar of Ru.
  2138 | D:3      | Reached XP level 4. HP: 30/35 MP: 4/4
  2240 | D:3      | Reached skill level 3 in Axes
  2488 | D:3      | Noticed Terence
  2499 | D:3      | Killed Terence
  2682 | D:3      | Found a blossoming altar of Fedhas.
  2686 | D:3      | Reached XP level 5. HP: 42/42 MP: 5/5
  2849 | D:4      | Found a broken altar of Ashenzari.
  2909 | D:4      | Noticed a necrophage
  2923 | D:4      | Killed a necrophage
  2931 | D:4      | Reached skill level 4 in Axes
  2931 | D:4      | Reached XP level 6. HP: 34/48 MP: 6/6
  3166 | D:4      | Found Worum's Antique Weapon Emporium.
  3252 | D:4      | Noticed Grinder
  3257 | D:4      | Paralysed by Grinder for 5 turns
  3268 | D:4      | Paralysed by Grinder for 4 turns
  3274 | D:4      | Killed Grinder
  3275 | D:4      | Gained mutation: Your movements are slightly less
                  | encumbered by armour. (ER -2) [demonic ancestry]
  3275 | D:4      | Reached XP level 7. HP: 12/55 MP: 7/7
  3605 | D:5      | Entered Level 5 of the Dungeon
  3782 | D:5      | Reached skill level 5 in Axes
  3881 | D:5      | Noticed Blork the orc
  3892 | D:5      | Killed Blork the orc
  3902 | D:5      | Reached skill level 5 in Fighting
  4215 | D:5      | Gained mutation: Your movements are less encumbered by
                  | armour. (ER -4) [demonic ancestry]
  4215 | D:5      | Reached XP level 8. HP: 47/62 MP: 8/8
  4414 | D:5      | Reached skill level 6 in Axes
  4421 | D:5      | Reached skill level 5 in Armour
  4421 | D:5      | Reached skill level 5 in Shields
  5243 | D:6      | Reached skill level 1 in Dodging
  5243 | D:6      | Noticed Pikel
  5250 | D:6      | Found a shimmering altar of Xom.
  5262 | D:6      | Killed Pikel
  5263 | D:6      | Reached XP level 9. HP: 69/69 MP: 9/9
  5266 | D:6      | Reached skill level 7 in Axes
  5931 | D:7      | Found a staircase to the Ecumenical Temple.
  5944 | Temple   | Entered the Ecumenical Temple
  5967 | Temple   | Became a worshipper of Warmaster Okawaru
  6055 | D:7      | Found a sand-covered staircase.
  6078 | Ossuary  | Entered an ossuary
  6552 | D:7      | Reached skill level 1 in Invocations
  6941 | D:7      | Reached skill level 8 in Axes
  7530 | D:8      | Found Foledit's Jewellery Emporium.
  7903 | D:9      | Noticed a death yak
  7904 | D:9      | Noticed a death yak
  7904 | D:9      | Noticed a meliai
  7919 | D:9      | Reached * piety under Okawaru
  7919 | D:9      | Noticed a swamp dragon
  7919 | D:9      | a tarantella changed into a swamp dragon
  7926 | D:9      | Killed a swamp dragon
  7927 | D:9      | Gained mutation: A meltable shield of frost defends you.
                  | (SH +4) [demonic ancestry]
  7927 | D:9      | Reached XP level 10. HP: 52/79 MP: 10/12
  7927 | D:9      | Noticed a death yak
  7934 | D:8      | Killed a death yak
  7947 | D:8      | Killed a death yak
  7947 | D:8      | Reached ** piety under Okawaru
  8254 | D:9      | Noticed a two-headed ogre
  8263 | D:8      | Killed a two-headed ogre
  8274 | D:9      | Reached skill level 9 in Axes
  8832 | D:8      | Reached *** piety under Okawaru
  8999 | D:9      | Killed a death yak
  9000 | D:9      | Reached skill level 5 in Invocations
  9002 | D:9      | Gained mutation: When hurt, damage is shared between your
                  | health and your magic reserves. [demonic ancestry]
  9002 | D:9      | Reached XP level 11. HP: 64/85 MP: 14/14
  9016 | D:9      | Found a staircase to the Lair.
  9061 | D:9      | Reached **** piety under Okawaru
  9657 | D:9      | You fall into a shaft and drop 3 floors!
  9885 | D:11     | Noticed a deep elf pyromancer
  9899 | D:11     | Killed a deep elf pyromancer
  9900 | D:11     | Reached skill level 5 in Dodging
  9900 | D:11     | Noticed a red ugly thing
  9914 | D:11     | Killed a red ugly thing
  9934 | D:10     | Entered Level 10 of the Dungeon
  9934 | D:10     | Noticed a boulder beetle
 10450 | D:10     | Killed a boulder beetle
 10451 | D:10     | Reached skill level 10 in Axes
 10773 | D:10     | Reached ***** piety under Okawaru
 11435 | D:10     | Found a sacrificial altar of Ru.
 11647 | Lair:1   | Entered Level 1 of the Lair of Beasts
 12136 | Lair:1   | Reached XP level 12. HP: 65/94 MP: 11/17
 12316 | Lair:1   | Noticed Joseph
 12340 | Lair:1   | Killed Joseph
 12340 | Lair:1   | Received a gift from Okawaru
 12849 | Lair:2   | Noticed a five-headed hydra
 12863 | Lair:2   | Killed a five-headed hydra
 13014 | Lair:2   | Noticed a five-headed hydra
 13031 | Lair:2   | Killed a five-headed hydra
 13545 | Lair:2   | Identified the ring "Qyps" {rPois rF+ rC- rN+ Slay+3}
 13804 | Lair:2   | Noticed Fannar
 13923 | Lair:2   | Killed Fannar
 13924 | Lair:2   | Reached skill level 11 in Axes
 13958 | Lair:2   | Identified the +2 plate armour of Resourcefulness {Dex+2}
 14102 | Lair:2   | Found a staircase to the Shoals.
 14587 | Lair:3   | Found a staircase to the Snake Pit.
 14754 | Lair:3   | Noticed an eight-headed hydra
 14757 | Lair:3   | Noticed a boulder beetle
 15219 | Lair:2   | Killed a boulder beetle
 15768 | Lair:3   | Found a large runed translucent door.
 15768 | Lair:3   | Found a large runed translucent door.
 15771 | Lair:3   | Noticed Brotato's ghost (journeyman DjCj)
 16017 | Lair:3   | Killed a 15-headed hydra
 16038 | Lair:3   | Killed Brotato's ghost
 16203 | Lair:4   | Identified the +5 glaive "Manlub" {flame, rN++ Will+ Str+3}
                  | (Okawaru gifted it to you on level 4 of the Lair of Beasts)
 16203 | Lair:4   | Received a gift from Okawaru
 16334 | Lair:4   | Noticed a seven-headed hydra
 16346 | Lair:4   | Killed a seven-headed hydra
 16347 | Lair:4   | Gained mutation: You have a pair of small horns on your
                  | head. [demonic ancestry]
 16347 | Lair:4   | Reached XP level 13. HP: 82/101 MP: 11/19
 16565 | Lair:4   | Noticed Nessos
 16586 | Lair:4   | Killed Nessos
 16959 | Lair:4   | Identified the ring "Zacyvvoz" {EV+4 Dex+5}
 17181 | Lair:5   | Reached skill level 12 in Axes
 17181 | Lair:5   | Reached skill level 1 in Stealth
 17312 | Lair:5   | Identified the +0 pair of boots of Courage {Contam rElec
                  | Regen+ MP+9} (Okawaru gifted it to you on level 5 of the
                  | Lair of Beasts)
 17312 | Lair:5   | Received a gift from Okawaru
 17737 | Lair:5   | Reached skill level 10 in Fighting
 17776 | Lair:5   | Found a hazy altar of Hepliaklqana.
 17830 | Lair:5   | Got the Almanac of the Frostbite
 18334 | Lair:5   | Identified the +1 pair of gloves of Ruseuts {Int+7}
 18373 | Lair:6   | Entered Level 6 of the Lair of Beasts
 18423 | Lair:5   | Reached ****** piety under Okawaru
 18546 | Lair:6   | Found a staircase to the Slime Pits.
 18597 | Lair:6   | Identified the +6 fustibalus "Ryunir" {venom, rF++ rCorr
                  | MP+9 Int-4} (Okawaru gifted it to you on level 6 of the
                  | Lair of Beasts)
 18597 | Lair:6   | Received a gift from Okawaru
 18704 | Lair:6   | Reached skill level 13 in Axes
 18751 | Lair:6   | Gained mutation: You have a pair of horns on your head.
                  | [demonic ancestry]
 18751 | Lair:6   | Reached XP level 14. HP: 81/111 MP: 20/20
 19128 | Lair:6   | Reached skill level 10 in Armour
 19128 | Lair:6   | Reached skill level 10 in Shields
 19469 | Lair:6   | Received a gift from Okawaru
 20829 | D:12     | Noticed Nergalle
 20842 | D:12     | Killed Nergalle
 20892 | D:12     | Found a staircase to the Orcish Mines.
 21347 | Orc:1    | Entered Level 1 of the Orcish Mines
 21496 | Orc:1    | Reached skill level 14 in Axes
 21710 | Orc:2    | Entered Level 2 of the Orcish Mines
 21899 | Orc:2    | Received a gift from Okawaru
 22042 | Orc:2    | Found a staircase to the Elven Halls.
 22161 | Orc:2    | Paralysed by an orc sorcerer for 7 turns
 22477 | Orc:2    | Received a gift from Okawaru
 22521 | Orc:2    | Gained mutation: Your magical and physical power is
                  | slightly enhanced at high health. [demonic ancestry]
 22521 | Orc:2    | Reached XP level 15. HP: 88/119 MP: 21/21
 22541 | Orc:2    | Found Dyentaw's Book Shoppe.
 22541 | Orc:2    | Found Gejy's Armour Shoppe.
 22542 | Orc:2    | Found Loum's Assorted Antiques.
 22542 | Orc:2    | Found Puaqul's Jewellery Shop.
 22575 | Orc:2    | Bought a crude steel ring for 125 gold pieces
 22575 | Orc:2    | Identified the ring "Houfed" {rF+ Str+6} (You bought it in
                  | a shop on level 2 of the Orcish Mines)
 22591 | Orc:2    | Bought the +11 plate armour "Lubbaism" {rC++ Dex-4} for
                  | 1317 gold pieces
 22702 | Orc:2    | Found a burning altar of Makhleb.
 23710 | D:13     | Found a gate to the Vaults.
 23762 | D:13     | Received a gift from Okawaru
 24149 | D:14     | Reached skill level 15 in Axes
 24307 | D:14     | Found a sparkling altar of Nemelex Xobeh.
 24326 | D:14     | Noticed Kirke
 24376 | D:14     | Slain by a manticore

Illustrated notes

Levels and vault maps discovered:
D:1:      psy_arrival_wood_between_worlds, layout_loops_ring,
          shapermc_ecumenical_altar_notcrosses
D:2:      layout_loops_cross, basic_altar
D:3:      layout_rooms, fedhas_altar_fruit_tree, uniq_terence
D:4:      layout_rooms, mainiacjoe_overflow_paths, serial_shops,
          nicolae_lakefront_shop, uniq_grinder
D:5:      layout_loops_corners, serial_bayou_pond_b, uniq_blork_the_orc
D:6:      layout_cave_pools, led_xom_imps, chequers_serial_rivers_micro_c,
          uniq_pikel
D:7:      layout_loops_cross, minmay_temple_entry_drinking_statues,
          enter_ossuary_3
D:8:      layout_loops_ring, serial_shops, nicolae_shop_trees
D:9:      kennysheep_seaside_town, layout_cross, dpeg_lair_monsters
D:10:     layout_basic, nicolae_ru_the_path_less_chosen
D:11:     layout_basic
D:12:     layout_roguey, uniq_nergalle
D:13:     layout_grid_maze, erik_vaults_2
D:14:     layout_rooms, nemelex_altar_shiori, uniq_kirke, uniq_jorgrun
Temple:   regret_index_temple_mists
Lair:1:   layout_chaotic_city, infiniplex_staircase_pool, uniq_joseph
Lair:2:   layout_hall_layers, minmay_shoals_entry_hut, minmay_lair_oklob_items,
          beast_lair_carwin_2, infiniplex_staircase_pool_2, uniq_fannar
Lair:3:   layout_hall_layers, minmay_snake_entry_guardpost_small,
          ebering_ghost_disaster_area
Lair:4:   layout_loops_ring, beast_lair_carwin_11, uniq_nessos
Lair:5:   layout_regular_city, basic_altar, minivault_25, st_stairs_7,
          lemuel_fruit_tree, lemuel_fruit_fields, serial_bayou_shore_b
Lair:6:   grunt_lair_end_beastmaster, layout_small_grid,
          minmay_slime_entry_oklob_enclosed, guppyfry_lair_drakes,
          grunt_megastairs_3
Orc:1:    layout_caves, special_room [special_room_orc]
Orc:2:    st_orc_elflike, layout_diamond_mine, basic_altar

Skill      XL: |  1  2  3  4  5  6  7  8  9 10 11 12 13 14 15 |
---------------+----------------------------------------------+-----
Axes           | 2 3 4 5 6 8 9 10 11 13 14 15 | 15.0
Armour         | 3 4 5 6 7 8 9 10 11 | 11.1
Shields        | 3 4 5 6 7 8 9 10 11 | 11.1
Fighting       | 4 5 6 7 8 9 10 11 12 | 12.1
Dodging        | 1 3 4 5 6 |  6.9
Invocations    | 2 5 7 8 9 |  9.0
Stealth        | 4 |  4.4

Action                   |  1- 3 |  4- 6 |  7- 9 | 10-12 | 13-15 || total
-------------------------+-------+-------+-------+-------+-------++-------
Melee: War axe           |   137 |    83 |   309 |   646 |   493 ||  1668
       Flail             |       |       |       |    33 |    35 ||    68
       Headbutt          |       |       |       |       |   255 ||   255
       Broad axe         |       |       |       |       |   421 ||   421
       Unarmed           |       |       |       |       |    24 ||    24
Invok: Heroism           |       |       |       |     7 |     3 ||    10
       Finesse           |       |       |       |     7 |     3 ||    10
Evoke: Wand              |       |       |       |       |     2 ||     2
  Use: Scroll            |     4 |     5 |    11 |    10 |     7 ||    37
       Potion            |       |     2 |     1 |     4 |     5 ||    12
 Stab: Sleeping          |       |       |     2 |     1 |       ||     3
       Petrified         |       |       |       |       |     5 ||     5
Armor: Scale mail        |    96 |    18 |       |       |       ||   114
       Leather armour    |       |    20 |   133 |   159 |       ||   312
       Plate armour      |       |       |       |    87 |   336 ||   423
Dodge: Dodged            |    70 |    40 |   182 |   373 |   390 ||  1055
Block: Buckler           |    52 |    20 |    98 |   305 |       ||   475
       Tower shield      |       |       |       |   140 |  1105 ||  1245
